 Dungeon Crawl Stone Soup version 0.22.1-2-g9c5b331383 (webtiles) character file.

741 Mysteryquy the Sneak (level 7, -1/33 HPs)
             Began as a Spriggan Enchanter on Nov 6, 2018.
             Shot with an arrow by a centaur (7 damage)
             ... on level 5 of the Dungeon on Nov 13, 2018.
             The game lasted 00:18:28 (5993 turns).

Mysteryquy the Sneak (Spriggan Enchanter)           Turns: 5993, Time: 00:18:28

Health: -1/33      AC:  2    Str:  4    XL:     7   Next: 47%
Magic:  17/24      EV: 20    Int: 17    God:
Gold:   99         SH:  0    Dex: 18    Spells: 10/16 levels left

rFire    . . .     SeeInvis +   r - +1 dagger (speed)
rCold    + . .     Gourm    .   (shield restricted)
rNeg     . . .     Faith    .   b - +0 robe
rPois    .         Spirit   .   (helmet restricted)
rElec    .         Reflect  .   (no cloak)
rCorr    .         Harm     .   (gloves unavailable)
MR       +....                  (boots unavailable)
Stlth    ++++......             (no amulet)
HPRegen  0.11/turn              n - ring of protection from cold
MPRegen  0.19/turn              q - ring of magical power

@: very quick
A: very small, unfitting armour, see invisible, herbivore, speed 3, slow
metabolism 2
a: no special abilities


You were on level 5 of the Dungeon.
You were hungry.

You visited 1 branch of the dungeon, and saw 5 of its levels.

You collected 99 gold pieces.

Inventory:

Hand Weapons
 a - a +1 dagger
 r - a +1 dagger of speed (weapon)
Armour
 b - a +0 robe (worn)
Jewellery
 n - a ring of protection from cold (left hand)
 q - a ring of magical power (right hand)
 s - an uncursed amulet of the acrobat {unknown}
Scrolls
 c - a scroll of enchant weapon {unknown}
 e - 4 scrolls of identify {unknown}
 h - 5 scrolls of remove curse {unknown}
 i - 2 scrolls of noise {unknown}
 m - a scroll of teleportation {unknown}
 o - a scroll of amnesia {unknown}
 p - a scroll of magic mapping {unknown}
 u - 2 scrolls of fog {unknown}
 v - a scroll of immolation {unknown}
Potions
 f - 2 potions of degeneration
 g - a potion of heal wounds
 j - 2 potions of haste
 k - 3 potions of lignification {unknown}
 l - a potion of experience {unknown}
 t - a potion of flight {unknown}
 w - a potion of resistance {unknown}
 x - a potion of might {unknown}
Comestibles
 d - 7 rations


   Skills:
 + Level 1.0 Fighting
 + Level 3.1 Short Blades
 + Level 4.1 Dodging
 + Level 7.8 Stealth
 + Level 5.0 Spellcasting
 + Level 5.5 Hexes
 + Level 2.5 Ice Magic


You had 10 spell levels left.
You knew the following spells:

 Your Spells              Type           Power        Failure   Level  Hunger
a - Corona                Hex            ###....      1%          1    None
b - Ensorcelled Hibernat  Hex/Ice        ###...       4%          2    #......
c - Tukima's Dance        Hex            ###.....     4%          3    ###....

Your spell library contained the following spells:

 Spells                   Type           Power        Failure   Level  Hunger
 Confuse                  Hex            ###.....     4%          3    ###....
 Dazzling Spray           Conj/Hex       ##....       14%         3    ###....


Dungeon Overview and Level Annotations

Branches:
Dungeon (5/15)
 Temple: D:4-7

Altars:
Ashenzari
Cheibriados
Dithmenos
Kikubaaqudgha
Ru


Innate Abilities, Weirdness & Mutations

You are very small and have problems with some larger weapons.
You are too small for most types of armour.
You have supernaturally acute eyesight. (SInv)
You are a herbivore.
You cover ground extremely quickly.
You need to consume almost no food.


Message History

Press: ? - help, Shift-Dir - straight line, f - centaur
Aim: a centaur, wielding a shortbow (not susceptible)
The centaur resists with significant effort.
The centaur shoots an arrow.
The arrow hits you!
Casting: Tukima's Dance (safe; 4% risk of failure)
Confirm with . or Enter, or press ? or * to list all spells.
Aiming: Ensorcelled Hibernation (safe; 4% risk of failure)
Press: ? - help, Shift-Dir - straight line, f/p - centaur
Aim: a centaur, wielding a shortbow (chance to defeat MR: 48%)
The centaur resists with some effort.
The centaur shoots an arrow.
The arrow misses you.
The centaur shoots an arrow.
The arrow hits you.
* * * LOW HITPOINT WARNING * * *
Casting: Ensorcelled Hibernation (safe; 4% risk of failure)
Confirm with . or Enter, or press ? or * to list all spells.
Aiming: Ensorcelled Hibernation (safe; 4% risk of failure)
Press: ? - help, Shift-Dir - straight line, f/p - centaur
Aim: a centaur, wielding a shortbow (chance to defeat MR: 48%)
The centaur resists with some effort.
The centaur shoots an arrow.
The arrow hits you!
You die...

#..............................
#.(.........###....####.......
###.######### #....# .#.....
#.# #....# .#.#.## #.# ######
####.################
#.....#...........c.#
#.....#.......$.....#
#.....#........@....#
####.##.............#
#.......(........#
####.............#
#.............#
#####.............#
.....)...###.###### ########.#
#.# #.# #.#


You could see a centaur.

Vanquished Creatures
  2 ogres
  A scorpion (D:3)
  A crimson imp (D:4)
  3 orc priests
  A centaur skeleton (D:5)
  A bullfrog skeleton (D:4)
  An iguana (D:4)
  3 orc wizards
  2 worker ants
  4 gnolls (D:2)
  A howler monkey skeleton (D:5)
  3 adders (D:2)
  An ooze (D:4)
  An adder skeleton (D:4)
  2 worms (D:2)
  2 dart slugs
  3 leopard geckos
  17 orcs
  6 giant cockroaches
  9 goblins
  5 hobgoblins
  6 jackals (D:2)
  2 quokkas (D:2)
  A ball python (D:1)
  7 bats
  3 frilled lizards
  3 kobolds
  A leopard gecko skeleton (D:5)
  8 rats
100 creatures vanquished.

Notes
Turn   | Place    | Note
-------+----------+-------------------------------------------
     0 | D:1      | Mysteryquy the Spriggan Enchanter began the quest for the
                  | Orb.
     0 | D:1      | Reached XP level 1. HP: 9/9 MP: 5/5
    16 | D:1      | Upgraded the game from 0.22.1-1-ga44c0e56f4 to
                  | 0.22.1-2-g9c5b331383
   374 | D:1      | Reached XP level 2. HP: 13/13 MP: 6/6
   592 | D:1      | Reached skill level 5 in Stealth
  1131 | D:1      | Learned a level 2 spell: Ensorcelled Hibernation
  1207 | D:2      | Reached XP level 3. HP: 4/16 MP: 8/8
  1955 | D:2      | Reached XP level 4. HP: 17/21 MP: 9/9
  1992 | D:2      | Found a faded altar of an unknown god.
  2798 | D:3      | Found a shattered altar of Ashenzari.
  2801 | D:3      | Reached skill level 6 in Stealth
  3276 | D:3      | Reached XP level 5. HP: 25/25 MP: 9/11
  3455 | D:3      | Reached skill level 1 in Ice Magic
  3900 | D:3      | Found a snail-covered altar of Cheibriados.
  3900 | D:3      | Found a shadowy altar of Dithmenos.
  3907 | D:3      | Found a faded altar of an unknown god.
  3909 | D:3      | Found a faded altar of an unknown god.
  3911 | D:3      | Found an ancient bone altar of Kikubaaqudgha.
  4208 | D:4      | Reached XP level 6. HP: 29/29 MP: 13/13
  4417 | D:5      | Entered Level 5 of the Dungeon
  4431 | D:5      | Reached skill level 7 in Stealth
  4802 | D:4      | Found a sacrificial altar of Ru.
  4810 | D:4      | Reached skill level 5 in Hexes
  4810 | D:4      | Reached XP level 7. HP: 32/32 MP: 14/14
  4816 | D:4      | Learned a level 3 spell: Tukima's Dance
  5770 | D:5      | Reached skill level 1 in Fighting
  5770 | D:5      | Reached skill level 5 in Spellcasting
  5993 | D:5      | Shot with an arrow by a centaur

Skill      XL: |  1  2  3  4  5  6  7 |
---------------+----------------------+-----
Hexes          | 4 5 |  5.5
Stealth        | 5 6 7 |  7.8
Short Blades   | 2 3 |  3.1
Spellcasting   | 3 4 5 |  5.0
Ice Magic      | 1 2 |  2.5
Dodging        | 4 |  4.1
Fighting       | 1 |  1.0

Action                   |  1- 3 |  4- 6 |  7- 9 || total
-------------------------+-------+-------+-------++-------
Melee: Dagger            |   194 |   190 |   103 ||   487
 Cast: Ensorcelled Hiber |    10 |    48 |    20 ||    78
       Tukima's Dance    |       |       |     1 ||     1
  Use: Potion            |     4 |       |       ||     4
 Stab: Sleeping          |    10 |    27 |     8 ||    45
       Distracted        |       |     1 |     1 ||     2
  Eat: Ration            |       |     2 |     1 ||     3
Armor: Robe              |    13 |     9 |    10 ||    32
Dodge: Dodged            |   163 |   116 |    53 ||   332
